 Dungeon Crawl Stone Soup version 0.28-a0-1234-g826d19b2e0 (webtiles) character file.

Game seed: 18442221517745069913

5372 bearlyready the Grappler (level 10, -1/132 HPs)
             Began as a Troll Monk on Dec 23, 2021.
             Was a Believer of Ashenzari.
             Slain by an orc knight (9 damage)
             ... in a bailey.
             The game lasted 00:17:51 (6911 turns).

bearlyready the Grappler (Troll Monk)               Turns: 6911, Time: 00:17:52

Health: -1/132     AC:  5    Str: 26    XL:     10   Next: 39%
Magic:  9/9        EV: 12    Int:  6    God:    Ashenzari [**....]
Gold:   1023       SH: 10    Dex: 16    Spells: 9/9 levels left

rFire   . . .      SeeInvis +     - Unarmed
rCold   . . .      Faith    .   l - +0 kite shield
rNeg    + . .      Spirit   .   t - +1 robe of Star-Bound Wisdom {rElec Str+5, Cun, Elem} (curse)
rPois   +          Reflect  .   (helmet restricted)
rElec   +          Harm     .   (no cloak)
rCorr   .          Rampage  .   (gloves unavailable)
Will    .....                   (boots unavailable)
Stlth   ..........              (no amulet)
HPRegen 1.12/turn               s - ring "Bound Together" {rPois, Melee, Comp} (curse)
MPRegen 0.11/turn               y - ring "Mantic Sybil" {rN+, Range, Alch} (curse)

@: berserking, very quick
A: large, unfitting armour, claws 3, regeneration 1, shaggy fur 1, tough skin 1
a: Renounce Religion, Shatter the Chains


You were in a bailey.
You worshipped Ashenzari.
Ashenzari was pleased with you.
You visited 2 branches of the dungeon, and saw 9 of its levels.
You also visited: Bailey.

You collected 1078 gold pieces.
You spent 55 gold pieces at shops.

Inventory:

Missiles
 i - 4 boomerangs (quivered)
 n - 3 datura-tipped darts
 p - 12 poisoned darts
 v - a curare-tipped dart
Armour
 a - a +0 robe
 l - a +0 kite shield (worn)
 t - the cursed +1 robe of Star-Bound Wisdom (worn) {rElec Str+5, Cun, Elem}
   (You found it on level 6 of the Dungeon)

   Str:       It affects your strength (+5).
   rElec:     It insulates you from electricity.
   It has a curse which improves the following skills: Cunning: Dodging and
   Stealth.
   Elements:  Fire Magic, Ice Magic, Air Magic and Earth Magic.
Jewellery
 s - the cursed ring "Bound Together" (left claw) {rPois, Melee, Comp}
   (You found it on level 5 of the Dungeon)

   [ring of poison resistance]

   rPois:     It protects you from poison.
   It has a curse which improves the following skills: Melee Combat: Short
   Blades, Long Blades, Axes, Maces & Flails, Polearms, Staves and Unarmed
   Combat.
   Companions: Summonings and Necromancy.
 y - the cursed ring "Mantic Sybil" (right claw) {rN+, Range, Alch}
   (You took it off a centaur on level 7 of the Dungeon)

   [ring of positive energy]

   rN:        It protects you from negative energy.
   It has a curse which improves the following skills: Ranged Combat: Slings,
   Bows, Crossbows and Throwing.
   Alchemy:   Poison Magic and Transmutations.
Scrolls
 c - 2 scrolls of immolation
 d - a scroll of fog
 e - 3 scrolls of noise
 h - 2 scrolls of identify
 j - 2 scrolls of magic mapping
 k - 3 scrolls of holy word
 m - a scroll of enchant weapon
 o - 4 scrolls of teleportation
 q - a scroll of brand weapon
 r - a scroll of enchant armour
Potions
 g - 2 potions of attraction
 w - a potion of resistance


   Skills:
 - Level 2.4 Fighting
 + Level 2.4(3.6) Throwing
 + Level 3.9(5.3) Dodging
 - Level 1.0(1.9) Stealth
 + Level 8.2 Shields
 + Level 11.4(12.8) Unarmed Combat


You had 9 spell levels left.
You didn't know any spells.
Your spell library contained the following spells:

 Spells                   Type           Power      Damage    Failure   Level
 Slow                     Hex            0%         N/A       50%         1
 Ensorcelled Hibernation  Hex/Ice        0%         N/A       63%         2
 Scorch                   Fire           0%         2d5       63%         2
 Blink                    Tloc           0%         N/A       65%         2
 Confusing Touch          Hex            0%         N/A       86%         3
 Gell's Gravitas          Tloc           0%         N/A       86%         3
 Lesser Beckoning         Tloc           0%         N/A       86%         3
 Teleport Other           Tloc           0%         N/A       86%         3
 Tukima's Dance           Hex            0%         N/A       86%         3
 Flame Wave               Conj/Fire      0%         2d4       99%         4
 Manifold Assault         Tloc           0%         N/A       100%        5
 Yara's Violent Unravell  Hex/Tmut       0%         3d3       100%        5
 Summon Cactus Giant      Summ           0%         N/A       100%        6
 Storm Form               Tmut/Air       0%         N/A       100%        7


Dungeon Overview and Level Annotations

Branches:
Dungeon (8/15)             Temple (1/1) D:7          Bailey (1/1)
   Lair: D:8-11

Altars:
Ashenzari
Cheibriados
Dithmenos
Elyvilon
Fedhas
Gozag
Hepliaklqana
Kikubaaqudgha
Makhleb
Nemelex Xobeh
Okawaru
Qazlal
Ru
Sif Muna
Uskayaw
Vehumet
Wu Jian
Xom
Yredelemnul
Zin
The Shining One

Shops:
D:2 *=*

Annotations:
D:3 1 runed translucent door, Crazy Yiuf


Innate Abilities, Weirdness & Mutations

You are too large for most types of armour.
You have claws for hands.
Your natural rate of healing is unusually fast.
You are covered in fur. (AC +1)
You have tough skin. (AC +1)


Message History

3 orc warriors and an orc knight come into view.
Found 2 scrolls of enchant armour and a manual of Fighting.
Okay, then.
A red film seems to cover your vision as you go berserk!
You feel yourself moving faster!
You feel mighty!
The orc knight shouts!
The orc warrior shouts! x3
The orc knight hits you from afar with a +0 halberd!!
You feel a strong urge to attack something.
The orc knight roars a battlecry!
The orc warriors go into a battle-frenzy!
The orc warrior hits you with a +0 halberd!!
There is an open door, spattered with blood here.
You scratch the orc knight.
The orc knight is lightly wounded.
You block the orc warrior's attack. The orc warrior closely misses you.
You mangle the orc knight!!
The orc knight is heavily wounded.
The orc knight hits you with a +0 halberd!!
You block the orc warrior's attack.
You scratch the orc knight but do no damage.
The orc knight is heavily wounded.
The orc warrior hits you with a +0 halberd!
The orc warrior closely misses you.
You completely miss the orc knight.
The orc knight is heavily wounded.
The orc knight hits you with a +0 halberd!!
* * * LOW HITPOINT WARNING * * *
The orc warrior hits you with a +0 halberd!
* * * LOW HITPOINT WARNING * * *
You are too berserk!
Unknown command.
You are too berserk!
Unknown command.
You closely miss the orc knight.
The orc knight is heavily wounded.
You block the orc warrior's attack. x2
You claw the orc knight!
The orc knight is heavily wounded.
The orc knight hits you with a +0 halberd!
You die...

..≈##.##≈≈≈≈≈≈≈≈≈≈≈ ≈≈
..≈..^..≈≈≈≈≈≈≈≈≈ ≈ ≈ ,
..≈##.∩#≈≈≈≈≈≈≈≈≈ ≈ ≈
..≈≈#.#)≈≈≈≈≈####### ≈≈o#o#≈≈..
..≈≈≈≈≈≈≈≈≈≈≈##≈≈≈≈## ≈≈)≈≈≈≈≈≈..
..≈≈≈≈≈≈≈≈≈≈≈##≈≈≈≈≈##≈≈≈o≈≈≈≈≈..
..≈≈≈≈≈≈≈≈≈≈≈##'''#≈≈##≈≈≈≈≈≈≈≈..
..≈≈≈≈≈≈≈##≈≈##∩)∩##≈≈#≈≈≈≈≈≈≈≈..
..≈≈≈≈≈≈≈##≈####@####≈##≈≈≈≈≈≈≈..
..≈≈≈≈≈≈≈##≈')#ooo#)'≈##≈≈≈≈≈≈≈..
..≈≈≈≈≈≈≈##≈###o8.###≈##≈≈≈≈≈≈≈..
..≈≈≈≈≈≈≈##≈')#:.?#)'≈##≈≈≈≈≈≈≈..
..≈≈≈≈≈≈≈##≈#########≈##≈≈≈≈≈≈≈..
..≈≈≈≈≈≈≈≈#≈≈##)#)##≈≈#≈≈≈≈≈≈≈≈..
..≈≈≈≈≈≈≈≈##≈≈#'#'#≈≈##≈≈≈≈≈≈≈≈..
..≈≈≈≈≈≈≈≈≈##≈≈≈≈≈≈≈##≈≈≈≈≈≈≈≈≈..
).≈≈≈≈≈≈≈≈≈≈#########≈≈≈≈≈≈≈≈≈≈..


You could see an orc knight and 3 orc warriors.

Vanquished Creatures
  A two-headed ogre (D:8)
  Pikel (D:7)
  Joseph (D:7)
  A hornet (D:7)
  Grum (D:8)
  A steam dragon (D:7)
  A water moccasin (D:5)
  Duvessa (D:4)
  A sky beast (D:5)
  An ice beast (D:6)
  6 orc warriors (Bailey)
  An ogre (D:5)
  2 wolves (D:7)
  A necrophage (D:8)
  3 centaurs
  A lemure (D:7)
  4 bullfrogs
  7 scorpions
  A water moccasin zombie (D:5)
  Dowan (D:4)
  A water moccasin skeleton (D:5)
  3 killer bees (D:7)
  3 howler monkeys
  A centaur zombie (D:8)
  4 jellies
  2 gnoll shamans (D:6)
  4 hounds
  An orc priest (D:4)
  A centaur skeleton (D:4)
  4 iguanas
  A scorpion zombie (D:5)
  4 orc wizards
  Ijyb (D:3)
  2 killer bee zombies
  A hound skeleton (D:5)
  A howler monkey zombie (D:8)
  7 gnolls
  8 adders
  3 white imps
  4 worms
  A dart slug (D:5)
  27 orcs
  3 ball pythons
  9 endoplasms
  A giant cockroach (D:3)
  9 goblins
  5 hobgoblins
  5 jackals
  2 quokkas
  A bat (D:1)
  A frilled lizard (D:2)
  4 kobolds
161 creatures vanquished.

Vanquished Creatures (collateral kills)
  3 gnolls (D:6)
3 creatures vanquished.

Vanquished Creatures (others)
  2 fungi (D:8)
  A plant (D:8)
3 creatures vanquished.

Grand Total: 167 creatures vanquished

Notes
Turn   | Place    | Note
-------+----------+-------------------------------------------
     0 | D:1      | bearlyready the Troll Monk began the quest for the Orb.
     0 | D:1      | Reached XP level 1. HP: 22/22 MP: 0/0
   257 | D:1      | Reached XP level 2. HP: 29/29 MP: 1/1
   424 | D:1      | You fall into a shaft and drop 1 floor!
   429 | D:2      | Reached skill level 4 in Unarmed Combat
   466 | D:2      | Reached XP level 3. HP: 36/36 MP: 2/2
   543 | D:2      | Found Rorun's General Store.
   743 | D:2      | Found Xaso's Jewellery Shoppe.
   750 | D:2      | Reached XP level 4. HP: 44/44 MP: 3/3
   776 | D:2      | Reached skill level 5 in Unarmed Combat
   962 | D:2      | Found Ohitrom's General Store.
   968 | D:2      | Bought a potion of heal wounds for 55 gold pieces
  1268 | D:3      | Found a runed translucent door.
  1269 | D:3      | Noticed Crazy Yiuf
  1686 | D:3      | Found a faded altar of an unknown god.
  2061 | D:4      | Reached XP level 5. HP: 42/50 MP: 4/4
  2101 | D:4      | Reached skill level 1 in Shields
  2101 | D:4      | Reached skill level 6 in Unarmed Combat
  2158 | D:4      | Reached XP level 6. HP: 52/59 MP: 5/5
  2197 | D:4      | Noticed Duvessa
  2198 | D:4      | Noticed Dowan
  2198 | D:4      | Noticed Ijyb
  2198 | D:4      | Identified the +6 scale mail "Haruxeci" {+Inv}
  2204 | D:4      | Killed Duvessa
  2205 | D:4      | Killed Dowan
  2215 | D:4      | Paralysed by Ijyb for 7 turns
  2233 | D:3      | Killed Ijyb
  2303 | D:4      | Reached skill level 7 in Unarmed Combat
  2303 | D:4      | Reached XP level 7. HP: 41/66 MP: 6/6
  2592 | D:5      | Entered Level 5 of the Dungeon
  3099 | D:6      | Reached skill level 8 in Unarmed Combat
  3114 | D:6      | Reached XP level 8. HP: 15/74 MP: 7/7
  3230 | D:6      | Identified the +1 robe of Zelasoess {rElec Str+5}
  3640 | D:6      | Reached skill level 5 in Shields
  4166 | D:5      | Reached skill level 9 in Unarmed Combat
  4678 | D:7      | Found a staircase to the Ecumenical Temple.
  4694 | Temple   | Entered the Ecumenical Temple
  4932 | Temple   | Became a worshipper of Ashenzari the Shackled
  4972 | D:7      | Reached XP level 9. HP: 57/80 MP: 8/8
  5017 | D:7      | Noticed Pikel
  5029 | D:7      | Killed Pikel
  5030 | D:7      | Reached skill level 10 in Unarmed Combat
  5464 | D:7      | Noticed Joseph
  5487 | D:7      | Killed Joseph
  5668 | D:7      | Reached * piety under Ashenzari
  5668 | D:7      | Identified a scroll of acquirement
  5743 | D:7      | Acquired 776 gold pieces
  6030 | D:8      | Reached skill level 11 in Unarmed Combat
  6055 | D:8      | Noticed a two-headed ogre
  6090 | D:8      | Killed a two-headed ogre
  6091 | D:8      | Reached skill level 1 in Throwing
  6091 | D:8      | Reached XP level 10. HP: 58/88 MP: 9/9
  6160 | D:8      | Noticed Grum
  6338 | D:8      | Killed Grum
  6357 | D:8      | Found a flagged portal.
  6368 | Bailey   | Entered a bailey
  6381 | Bailey   | Reached ** piety under Ashenzari
  6903 | Bailey   | Noticed an orc knight
  6911 | Bailey   | Slain by an orc knight

Illustrated notes

Levels and vault maps discovered:
D:1:      ncdulo_halloftheorcs, layout_loops_corners, serial_shops, shop
D:2:      layout_basic, serial_shops, nicolae_shop_competitors_out_of_business,
          shop, nicolae_shop_behind_doors
D:3:      layout_basic, shapermc_ecumenical_altar_hornbeckon, interstate_on_off,
          uniq_crazy_yiuf_cottage
D:4:      layout_rooms, chequers_serial_rivers_micro_b, uniq_duvessa, uniq_ijyb
D:5:      minmay_recursive_quarters, layout_gridville
D:6:      layout_basic, minmay_misc_feat_columns
D:7:      layout_loops_corners, minmay_temple_entry_glassed_door,
          lemuel_old_faithful, uniq_joseph, uniq_pikel
D:8:      layout_cave_pools, grunt_lair_entry_orc_guard_hut, enter_bailey_3,
          st_stairs_7, chequers_jeans, eino_small_chamber_without_monster,
          uniq_grum
Temple:   mainiacjoe_temple_archimedes_tessellation
Bailey:   bailey_polearm_2, bailey

Skill      XL: |  1  2  3  4  5  6  7  8  9 10 |
---------------+-------------------------------+-----
Unarmed Combat | 4 5 6 7 8 9 11 | 11.4
Shields        | 1 3 4 6 8 |  8.2
Dodging        | 3 |  3.9
Throwing       | 1 2 |  2.4
Fighting       | |  2.4
Stealth        | |  1.0

Action                   |  1- 3 |  4- 6 |  7- 9 | 10-12 || total
-------------------------+-------+-------+-------+-------++-------
Melee: Unarmed           |    61 |    79 |   275 |    84 ||   499
       Punch             |     1 |     1 |     8 |       ||    10
Throw: Dart              |       |       |    10 |    39 ||    49
       Boomerang         |       |       |       |    31 ||    31
Invok: Curse Item        |       |       |     2 |     1 ||     3
  Use: Potion            |       |     1 |     3 |     2 ||     6
       Scroll            |       |       |     6 |     1 ||     7
 Stab: Sleeping          |     3 |     3 |     4 |     2 ||    12
       Distracted        |       |     1 |       |       ||     1
Armor: Robe              |     9 |    27 |    64 |    18 ||   118
Dodge: Dodged            |    26 |    23 |   113 |    56 ||   218
Block: Kite shield       |       |       |    46 |    94 ||   140

Table legend: (Time is in decaauts)
 A = Elapsed time spent in this place.
 B = Non-inter-level travel time spent in this place.
 C = Inter-level travel time spent in this place.
 D = Time resting spent in this place.
 E = Time spent auto-exploring this place.
 F = Levels seen in this place.
 G = Mean time per level.
                   A        B        C        D        E       F      G
               +--------+--------+--------+--------+--------+-----+--------+
         Total |   6893 |   6509 |    384 |    194 |   4760 |  10 |  689.3 |
       Dungeon |   6066 |   5701 |    365 |    114 |   4339 |   8 |  758.2 |
        Temple |    258 |    239 |     19 |      0 |    212 |   1 |  258.0 |
        Bailey |    568 |    568 |      0 |     80 |    209 |   1 |  568.0 |
               +--------+--------+--------+--------+--------+-----+--------+

Top non-repeatable levels by time:
     D:7: 1225 daAuts
     D:5: 1041 daAuts
     D:6: 1015 daAuts
     D:2: 816 daAuts
     D:3: 761 daAuts
     D:4: 591 daAuts
  Bailey: 568 daAuts
     D:1: 422 daAuts
  Temple: 258 daAuts
     D:8: 192 daAuts
